Map: Frozen Temple

Players

FinnsoN - Winner!

  • Race: Terran Terran
  • League: Master

NoobPlayer

  • Race: Zerg Zerg
  • League: Master

VOD

Have the link to the VOD?

Description

Time

  • Played on: July 10, 2016, 2:21 p.m.
  • Length: 4:25
Show
View Real Time Build Order
Export as new Build Order

FinnsoN Terran - Winner!

Build Orders:  

Get SALT Encoding   

  12  0:01  SCV  
  13  0:13  SCV  
  14  0:18  Supply Depot  
  14  0:25  SCV  
  15  0:39  SCV  
  15  0:41  Barracks  
  16  0:46  Refinery  
  16  0:51  SCV  
  17  1:03  SCV  
  18  1:15  SCV  
  19  1:28  Orbital Command  
  19  1:29  Barracks Reactor  
  19  1:41  Command Center  
  19  1:53  Supply Depot  
  19  1:54  SCV  
  20  2:05  Marine x2  
  20  2:06  SCV  
  23  2:17  Factory  
  23  2:21  SCV  
  24  2:22  Marine  
  24  2:23  Marine  
  24  2:25  Refinery  
  26  2:33  SCV  
  27  2:40  Marine x2  
  29  2:45  SCV  
  30  2:52  Orbital Command  
  30  2:57  SCV  
  30  2:58  Marine x2  
  31  3:02  Starport  
  31  3:03  Factory Reactor  
  34  3:12  SCV  
  34  3:13  Bunker  
  34  3:17  Marine x2  
  36  3:20  SCV  
  36  3:25  Supply Depot  
  37  3:30  SCV  
  37  3:32  SCV  
  39  3:35  Marine  
  40  3:42  Marine, SCV  
  40  3:45  SCV  
  40  3:47  Medivac x2  
  47  3:49  Widow Mine  
  49  3:56  Supply Depot, SCV  
  49  4:01  Marine  
  51  4:03  SCV  
  51  4:05  Marine  
  53  4:10  Supply Depot, SCV  
  53  4:22  Supply Depot  
Show
View Real Time Build Order
Export as new Build Order

NoobPlayer Zerg 

Build Orders: Hatch First, Zergling Baneling 

Get SALT Encoding   

  12  0:01  Drone  
  13  0:13  Overlord  
  13  0:18  Drone  
  14  0:24  Drone, Extractor  
  15  0:31  Drone  
  16  0:39  Drone  
  17  0:53  Hatchery  
  17  0:56  Drone  
  17  1:09  Spawning Pool  
  16  1:13  Drone  
  16  1:16  Drone  
  18  1:19  Drone  
  18  1:23  Extractor  
  18  1:28  Drone  
  19  1:40  Overlord  
  19  1:56  Queen  
  19  1:57  Zergling x2  
  19  2:01  Zergling x2  
  23  2:04  Queen  
  23  2:05  Drone  
  26  2:11  Drone  
  27  2:18  Drone  
  27  2:22  Drone  
  29  2:23  Metabolic Boost  
  29  2:27  Drone  
  30  2:32  Queen  
  32  2:37  Overlord  
  32  2:40  Drone  
  32  2:50  Drone  
  32  2:51  Drone  
  34  2:54  Drone, Baneling Nest  
  35  3:05  Zergling x2  
  35  3:06  Zergling x6  
  35  3:08  Overlord  
  38  3:17  Drone x2  
  38  3:18  Zergling x4  
  42  3:22  Zergling x2  
  43  3:33  Overlord  
  43  3:35  Zergling x2  
  44  3:42  Zergling x2  
  44  3:43  Zergling x2  
  44  3:46  Baneling x6  
  46  3:50  Zergling x8  
  46  3:55  Zergling x6  
  53  3:59  Baneling x2  
Tags
 
Add a new tag
Caveats
  • Supply blocks, unpowered buildings, or Contaminate may cause inaccurate times.
  • Supply counts are checked every 10 seconds.